 Dungeon Crawl Stone Soup version 0.28.0-53-g5a82cb258f (webtiles) character file.

Game seed: 17138911129879637423

154 Zeld the Conjurer (level 5, -1/28 HPs)
             Began as a Deep Elf Conjurer on May 24, 2022.
             Slain by a kobold brigand
             ... wielding a +0 dagger
              (3 damage)
             ... on level 3 of the Dungeon.
             The game lasted 00:03:59 (4110 turns).

Zeld the Conjurer (Deep Elf Conjurer)               Turns: 4110, Time: 00:03:59

Health: -1/28      AC:  2    Str:  4    XL:     5   Next: 13%
Magic:  7/14       EV: 12    Int: 25    God:
Gold:   87         SH:  0    Dex: 13    Spells: 2/13 levels left

rFire   . . .      SeeInvis .   (no weapon)
rCold   . . .      Faith    .   (no shield)
rNeg    . . .      Spirit   .   h - +0 robe
rPois   .          Reflect  .   (no helmet)
rElec   .          Harm     .   (no cloak)
rCorr   .          Rampage  .   (no gloves)
Will    .....                   (no boots)
Stlth   ++........              f - amulet of regeneration
HPRegen 0.89/turn               (no ring)
MPRegen 0.14/turn               (no ring)

@: no status effects
A: no striking features
a: no special abilities


You were on level 3 of the Dungeon.
You visited 1 branch of the dungeon, and saw 4 of its levels.

You collected 87 gold pieces.

Inventory:

Armour
 h - a +0 robe (worn)
Jewellery
 f - an amulet of regeneration (around neck)
Wands
 a - a wand of flame (17)
Scrolls
 b - a scroll of summoning {unknown}
 c - a scroll of brand weapon {unknown}
 d - a scroll of fog {unknown}
 e - 4 scrolls of identify {unknown}
 g - a scroll of fear {unknown}
 m - a scroll of noise {unknown}
 n - a scroll of amnesia {unknown}
Potions
 i - 3 potions of heal wounds {unknown}
 j - a potion of lignification {unknown}
 k - a potion of ambrosia {unknown}
 l - a potion of magic {unknown}


   Skills:
 - Level 2.4 Dodging
 - Level 2.4 Stealth
 * Level 4.8 Spellcasting
 * Level 5.5 Conjurations
 - Level 2.0 Hexes
 - Level 2.0 Translocations


You had 2 spell levels left.
You knew the following spells:

 Your Spells              Type           Power      Damage    Failure   Level
a - Magic Dart            Conj           100%       1d8       1%          1
b - Searing Ray           Conj           66%        2d6       1%          2
c - Fulminant Prism       Conj/Hex       12%        3d9       19%         4
d - Iskenderun's Mystic   Conj/Tloc      24%        2d7       19%         4

Your spell library contained the following spells:

 Spells                   Type           Power      Damage    Failure   Level
 Blink                    Tloc           32%        N/A       5%          2
 Dazzling Flash           Conj/Hex       48%        N/A       5%          3
 Lesser Beckoning         Tloc           16%        N/A       11%         3
 Manifold Assault         Tloc           16%        N/A       71%         5


Dungeon Overview and Level Annotations

Branches:
Dungeon (4/15)
 Temple: D:4-7

Altars:
Hepliaklqana
Xom


Message History

The centaur skeleton kicks you but does no damage.
The ball python bites you. The ball python barely misses you.
You climb upwards.
There is a stone staircase leading down here.
The kobold brigand misses you.
The ball python bites you but does no damage.
The ball python barely misses you.
The kobold brigand hits you with a +0 dagger.
Casting: Searing Ray (safe; 1% risk of failure)
Confirm with . or Enter, or press ? or * to list all spells.
Aiming: Searing Ray (safe; 1% risk of failure)
Press: ? - help, Shift-Dir - straight line The searing ray hits the ball python.
You kill the ball python! (Press . to maintain the ray.)
The kobold brigand hits you with a +0 dagger!
* * * LOW HITPOINT WARNING * * *
Casting: Searing Ray (safe; 1% risk of failure)
Confirm with . or Enter, or press ? or * to list all spells.
Restarting spell: Searing Ray (safe; 1% risk of failure)
Press: ? - help, Shift-Dir - straight line, f - kobold brigand
Aim: a kobold brigand, wielding a +0 dagger and quivering curare-tipped darts (lightly wounded, 76% to hit)
The searing ray hits the kobold brigand.
The kobold brigand is moderately wounded. (Press . to maintain the ray.)
The kobold brigand barely misses you.
The searing ray hits the kobold brigand.
The kobold brigand is moderately wounded.
The kobold brigand hits you with a +0 dagger!
* * * LOW HITPOINT WARNING * * *
Unknown command.
The searing ray hits the kobold brigand!
The kobold brigand is severely wounded.
The kobold brigand hits you but does no damage.
Unknown command.
Unknown command.
The searing ray misses the kobold brigand.
You finish channelling your searing ray.
The kobold brigand hits you with a +0 dagger.
You die...

### ### ###
#.###8###8###
##..........#
#..........#
##.@######..# #8K†#
##.# ##..# #.#
#..#######.#####
##......>##.....##
#8...........(...##
##................#
#.........#..#...#
#.......####'#...#


You could see a kobold brigand.

Vanquished Creatures
  3 gnolls
  5 adders
  3 worms
  2 dart slugs
  4 bats (D:1)
  8 endoplasms
  7 giant cockroaches
  3 jackals (D:1)
  4 quokkas
  6 ball pythons
  5 frilled lizards (D:1)
  6 goblins
  6 kobolds
  5 rats
67 creatures vanquished.

Notes
Turn   | Place    | Note
-------+----------+-------------------------------------------
     0 | D:1      | Zeld the Deep Elf Conjurer began the quest for the Orb.
     0 | D:1      | Reached XP level 1. HP: 10/10 MP: 6/6
   454 | D:1      | Reached skill level 1 in Hexes
   455 | D:1      | Reached skill level 1 in Translocations
   458 | D:1      | Reached XP level 2. HP: 15/15 MP: 2/8
   478 | D:1      | Learned a level 2 spell: Searing Ray
  1125 | D:1      | Reached XP level 3. HP: 19/19 MP: 6/9
  2324 | D:2      | Found a faded altar of an unknown god.
  2332 | D:2      | Reached XP level 4. HP: 24/24 MP: 7/11
  2346 | D:2      | Learned a level 4 spell: Fulminant Prism
  2451 | D:2      | Reached skill level 5 in Conjurations
  2524 | D:2      | Learned a level 4 spell: Iskenderun's Mystic Blast
  3620 | D:3      | Found a hazy altar of Hepliaklqana.
  3621 | D:3      | Found a shimmering altar of Xom.
  3622 | D:3      | Noticed a spectral ugly thing
  3831 | D:4      | Noticed an ogre
  3837 | D:3      | Reached XP level 5. HP: 28/28 MP: 9/14
  4067 | D:4      | Noticed an ogre
  4108 | D:3      | HP: 1/28 [kobold brigand/+0 dagger (8)]
  4110 | D:3      | Slain by a kobold brigand

Illustrated notes

Levels and vault maps discovered:
D:1:      co_arrival_random_square_maze, layout_basic, minmay_indecisive_spiral
D:2:      layout_loops_corners, chequers_ecumenical_altar_simple_redux,
          minmay_misc_feat_x
D:3:      layout_rooms, regret_index_temple_of_mockery, serial_corexii_hall,
          chequers_hall_statues_wall_a, chequers_hall_statues_corner_a,
          chequers_hall_statues_y, corexii_hall_statues_x
D:4:      layout_cave_pools, minmay_misc_feat_plants, wad_floor_pattern_1,
          hangedman_decor_lopped

Skill      XL: |  1  2  3  4 |
---------------+-------------+-----
Hexes          | 1 2 |  2.0
Translocations | 1 2 |  2.0
Spellcasting   | 4 |  4.8
Conjurations   | 5 |  5.5
Dodging        | |  2.4
Stealth        | |  2.4

Action                   |  1- 3 |  4- 6 || total
-------------------------+-------+-------++-------
Melee: Unarmed           |    18 |    15 ||    33
       Punch             |     1 |     1 ||     2
 Cast: Magic Dart        |    25 |     2 ||    27
       Searing Ray       |    25 |    26 ||    51
 Stab: Sleeping          |     1 |     2 ||     3
Armor: Robe              |     6 |    12 ||    18
Dodge: Dodged            |    30 |    38 ||    68
